AoeStats
← Thomsen

Arena

505261310Analyzed
2v2 RM · 23d ago on Sep 8, 2026· 35m 42s· 4 players
Game mode
Random Map
Map size
Medium (4 player)
Population
200
Speed
Normal
Resources
Standard
Victory
Conquest
Starting age
Dark Age
Ending age
Imperial Age
RankedLock teamsTeams togetherTeam positionsShared explorationLock speedFull tech treeHidden civsTurbo modeCheats
Victory
Defeat
🇦🇷 Italians · Argentina
1002
+14
🇦🇷 Goths · Argentina
958
+15
🇩🇰 Spanish · Denmark
976
-16
🇻🇳 Teutons · Vietnam
921
-13
Thomsen
11:36 Feudal Age
12:19 Horse Collar
12:28 Double-Bit Axe
20:45 Castle Age
18:46 Stone Mining
18:49 Fletching
19:36 Scale Barding Armor
21:58 Bodkin Arrow
22:26 Chain Barding Armor
33:10 Murder Holes
35:10 Heavy Plow
GANADO
11:27 Feudal Age
15:25 Castle Age
14:17 Double-Bit Axe
14:50 Horse Collar
19:47 Scale Barding Armor
20:03 Bloodlines
23:25 Forging
25:48 Loom
34:25 Elite Skirmisher
Pem
11:02 Feudal Age
16:58 Castle Age
15:15 Horse Collar
15:28 Double-Bit Axe
16:33 Stone Mining
16:34 Gold Mining
23:04 Squires
27:03 Scale Mail Armor
30:17 Heavy Plow
31:35 Chain Mail Armor
31:31 Forging
38:42 Imperial Age
36:27 Bow Saw
Pablo
11:42 Feudal Age
16:01 Castle Age
22:02 Double-Bit Axe
21:59 Horse Collar
25:02 Fletching
26:15 Ballistics
27:47 Gold Mining
31:41 Imperial Age
29:28 Bow Saw
31:06 Padded Archer Armor
31:02 Bodkin Arrow
33:22 Chemistry
33:31 Wheelbarrow
34:18 Bracer
Connection lost

Rejoining the realm…

Still unreachable

The connection could not be restored.

Session expired

The server has moved on; the page needs a fresh start.